 Dungeon Crawl Stone Soup version 0.19-a0-854-gc78d25d (webtiles) character file.

2305 Implojin the Grappler (level 9, -5/120 HPs)
             Began as a Troll Abyssal Knight on July 1, 2016.
             Was a Believer of Lugonu.
             Slain by a hill giant
             ... wielding a +0 giant club
              (15 damage)
             ... on level 10 of the Dungeon.
             The game lasted 00:07:41 (1109 turns).

Implojin the Grappler (Troll Abyssal Knight)        Turns: 1109, Time: 00:07:41

Health: -5/120     AC:  6    Str: 27    XL:     9   Next: 18%
Magic:  9/9        EV: 15    Int:  8    God:    Lugonu [**....]
Gold:   0          SH:  0    Dex: 17    Spells: 0 memorised, 8 levels left

rFire  . . .     SeeInvis .       - Unarmed
rCold  . . .     Gourm    +     a - +0 robe
rNeg   . . .     Faith    .     (no shield)
rPois  .         Spirit   .     (helmet restricted)
rElec  .         Dismiss  .     o - +0 cloak
rCorr  .         Reflect  .     (gloves unavailable)
SustAt .         Harm     .     (boots unavailable)
MR     .....                    (no amulet)
Stlth  ..........               (no ring)
                                (no ring)

@: agile, berserking, very quick, not resistant to hostile enchantments,
extremely unstealthy
A: unfitting armour, claws 3, fast metabolism 3, gourmand, regeneration 2,
shaggy fur 1, tough skin 2
a: Depart the Abyss, Bend Space, Renounce Religion


You were on level 10 of the Dungeon.
You worshipped Lugonu.
Lugonu was pleased with you.
You were very full.

You visited 1 branch of the dungeon, and saw 10 of its levels.
You visited the Abyss 1 time.

Inventory:

Armour
 a - a +0 robe (worn)
 o - a +0 cloak (worn)
Jewellery
 q - an uncursed ring of sustain attributes {unknown}
Wands
 h - a wand of random effects (18/48)
 v - a wand of confusion (22/48)
Scrolls
 c - a scroll of immolation {unknown}
 e - a scroll of random uselessness {unknown}
 f - a scroll of amnesia {unknown}
 g - 2 scrolls of enchant weapon {unknown}
 k - 2 scrolls of remove curse {unknown}
 l - a scroll of blinking {unknown}
 n - a scroll of magic mapping {unknown}
Potions
 d - 2 potions of curing
 p - a potion of berserk rage
 r - a potion of cure mutation {unknown}
 s - 2 potions of heal wounds {unknown}
 t - a potion of degeneration {unknown}
 u - a potion of lignification {unknown}
Comestibles
 b - 5 bread rations
 m - a meat ration


   Skills:
 - Level 2.4 Fighting
 - Level 1.9 Dodging
 * Level 12.1 Unarmed Combat
 - Level 1.5 Invocations


You had 8 spell levels left.
You didn't know any spells.

Dungeon Overview and Level Annotations

Branches:
Dungeon (10/15)
 Temple: D:4-7         Lair: D:8-11         Orc: D:9-12

Altars:

Shops:
D:6 :


Innate Abilities, Weirdness & Mutations

You are too large for most types of armour.
You have claws for hands.
Your metabolism is lightning-fast.
You like to eat raw meat.
You heal very quickly.
You are covered in fur. (AC +1)
You have very tough skin. (AC +2)


Message History

Lugonu accepts your kill. The giant gecko closely misses you.
You mangle the yak!! You claw the yak!
The yak is severely wounded.
The giant gecko misses you. The yak gores you!
* * * LOW HITPOINT WARNING * * *
You scratch the yak.
The yak is almost dead.
The giant gecko misses you.
You scratch the yak but do no damage.
The yak is almost dead.
The yak gores you but does no damage. The giant gecko closely misses you.
You claw the yak!
You kill the yak!
Lugonu accepts your kill.
Your Unarmed Combat skill increases to level 12!
The giant gecko bites you.
* * * LOW HITPOINT WARNING * * *
You mangle the hill giant!!
The hill giant is moderately wounded.
The hill giant closely misses you. The giant gecko barely misses you.
You scratch the hill giant but do no damage.
You claw the hill giant!
The hill giant is heavily wounded.
You scratch the hill giant.
The hill giant is heavily wounded.
The giant gecko closely misses you.
The hill giant hits you with a giant club!!
* * * LOW HITPOINT WARNING * * *
Okay, then.
Okay, then.
The giant gecko bites you but does no damage.
Okay, then.
As you read the scroll of identify, it crumbles to dust.
p - 2 potions of berserk rage The giant gecko misses you.
A red film seems to cover your vision as you go berserk!
You feel yourself moving faster!
You feel mighty! The giant gecko misses you.
The hill giant hits you with a giant club!
You die...

.......##..(..#
..
#.......##....#
...
##......##....#
....
##...........#
#..?#
##.........##
...#
##ZC......#
#..#
##..###...#
#..## #..# ##.#
#..@###.## ##
##.Cl.†.#
##.Z...#
##...## ##....
.....# .?##.##
#.# (# .# ##


You could see a hill giant, a quokka zombie and a giant gecko.

Vanquished Creatures
  Pikel (D:6)
  Grinder (D:6)
  Prince Ribbit (D:7)
  3 yaks (D:10)
  A sky beast (D:9)
  An ogre (D:5)
  A black bear (D:7)
  A centaur (D:4)
  2 big kobolds
  A giant frog (D:8)
  A scorpion (D:9)
  2 howler monkeys
  A crimson imp (D:5)
  A jelly (D:5)
  A quasit (D:9)
  A hound (D:8)
  A giant frog zombie (D:7)
  2 orc priests
  A giant frog skeleton (D:7)
  2 iguanas
  2 orc wizards (D:5)
  A worker ant (D:4)
  A hound skeleton (D:6)
  A worker ant zombie (D:9)
  3 adders
  2 shadow imps
  An ooze (D:3)
  3 orcs
  3 giant cockroaches
  3 goblins
  2 hobgoblins (D:1)
  A bat (D:1)
  3 giant newts (D:2)
  7 kobolds
  A rat (D:2)
60 creatures vanquished.

Vanquished Creatures (others)
  2 orcs (D:4)
2 creatures vanquished.

Grand Total: 62 creatures vanquished

Notes
Turn   | Place    | Note
-------+----------+-------------------------------------------
     0 | Abyss:1  | Implojin the Troll Abyssal Knight began the quest for the Orb.
     0 | Abyss:1  | Reached XP level 1. HP: 22/22 MP: 1/1
     0 | D:1      | Escaped the Abyss
     4 | D:1      | Noticed an electric eel
     5 | D:1      | Noticed an electric eel
   134 | D:2      | Reached * piety under Lugonu
   155 | D:1      | Reached XP level 2. HP: 29/29 MP: 2/2
   167 | D:1      | Reached skill level 3 in Unarmed Combat
   288 | D:4      | Reached XP level 3. HP: 27/36 MP: 3/3
   297 | D:4      | Noticed a centaur
   303 | D:4      | Killed a centaur
   303 | D:4      | Reached skill level 5 in Unarmed Combat
   303 | D:4      | Reached XP level 4. HP: 22/44 MP: 4/4
   308 | D:4      | Reached XP level 5. HP: 19/50 MP: 5/5
   335 | D:5      | Entered Level 5 of the Dungeon
   409 | D:5      | Noticed an ogre
   417 | D:5      | Reached skill level 6 in Unarmed Combat
   433 | D:5      | Reached XP level 6. HP: 12/59 MP: 6/6
   525 | D:5      | Reached skill level 7 in Unarmed Combat
   566 | D:6      | Noticed Grinder
   566 | D:6      | Noticed Pikel
   566 | D:6      | Noticed a slave
   566 | D:6      | Noticed a slave
   567 | D:6      | Paralysed by Grinder for 7 turns
   574 | D:6      | Noticed a slave
   574 | D:6      | Noticed a slave
   592 | D:6      | Killed Pikel
   592 | D:6      | Reached ** piety under Lugonu
   592 | D:6      | Reached skill level 9 in Unarmed Combat
   592 | D:6      | Reached XP level 7. HP: 36/66 MP: 7/7
   613 | D:6      | Killed Grinder
   627 | D:6      | Found Quton's Book Boutique.
   667 | D:7      | Reached XP level 8. HP: 62/74 MP: 8/8
   680 | D:7      | Reached skill level 10 in Unarmed Combat
   714 | D:7      | Noticed Prince Ribbit
   736 | D:7      | Killed Prince Ribbit
   831 | D:8      | Reached skill level 11 in Unarmed Combat
  1070 | D:10     | Entered Level 10 of the Dungeon
  1081 | D:10     | Noticed a hill giant
  1092 | D:10     | Reached XP level 9. HP: 38/80 MP: 9/9
  1102 | D:10     | Reached skill level 12 in Unarmed Combat
  1105 | D:10     | HP: 4/80 [hill giant/giant club (27)]
  1109 | D:10     | Slain by a hill giant

Vault maps used:
D:1:      arrival_aquarium_b, st_stairs_11
D:2:      st_stairs_13, trog_book, uniq_terence
D:3:      first_bread, corner_web_ring
D:4:      minmay_wonky_spiral, grunt_pakellas_sulfur, serial_forest,
          infiniplex_forest_3_way, infiniplex_forest_fountain,
          infiniplex_forest_clump_diagonal, infiniplex_forest_end_3,
          infiniplex_forest_lined_1, infiniplex_forest_lined_room_2,
          infiniplex_forest_clump_large, grunt_ministairs_15,
          xom_confusion_cloud
D:5:      minmay_goblin_kobold_castle, water_boxes_lemuel
D:6:      nicolae_overflow_hidden_temple, kennysheep_mini, serial_shops,
          kennysheep_mini_moat, uniq_grinder, uniq_pikel
D:7:      uniq_prince_ribbit1
D:8:      yredelemnul_altar_generic, serial_shops, shop, grunt_livestock,
          uniq_psyche
D:10:     minmay_lair_entry_lava, nicolae_tso_swordbearing_angel
Abyss:1:  evilmike_abyss_exit_16

Skill      XL: |  1  2  3  4  5  6  7  8  9 |
---------------+----------------------------+-----
Unarmed Combat | 3 5 6 9 11 12 | 12.1
Fighting       | |  2.4
Dodging        | |  1.9
Invocations    | |  1.5

Action                   |  1- 3 |  4- 6 |  7- 9 || total
-------------------------+-------+-------+-------++-------
Melee: Unarmed           |    53 |    55 |   109 ||   217
       Punch             |       |     1 |     6 ||     7
Invok: Depart the Abyss  |     1 |       |       ||     1
  Use: Potion            |       |     2 |     3 ||     5
       Scroll            |       |       |     3 ||     3
  Eat: Chunk             |     5 |     4 |     5 ||    14
Armor: Robe              |    15 |     5 |    34 ||    54
Dodge: Dodged            |    21 |    18 |    64 ||   103

Table legend:
 A = Turns spent in this place as a percentage of turns spent in the entire game.
 B = Non-inter-level travel turns spent in this place as a percentage of non-inter-level travel turns spent in the entire game.
 C = Inter-level travel turns spent in this place as a percentage of turns spent in this place.
 D = Turns resting spent in this place as a percentage of non-inter-level travel turns spent in this place.
 E = Turns spent auto-exploring this place as a percentage of non-inter-level travel turns spent in this place.
 F = Non-inter-level travel turns spent in this place divided by the number of levels of this place that you've seen.
                   A       B       C       D       E      F
               +-------+-------+-------+-------+-------+----------------------
         Total | 100.0 | 100.0 |   0.0 |   0.0 |   0.0 | 104.3
       Dungeon |  99.8 |  99.8 |   0.0 |   0.0 |   0.0 | 114.5
         Abyss |   0.2 |   0.2 |   0.0 |   0.0 |   0.0 |   2.0
               +-------+-------+-------+-------+-------+----------------------

Table legend:
 A = Kills in this place as a percentage of kills in entire the game.
 B = Kills by you in this place as a percentage of kills by you in the entire game.
 C = Kills by friends in this place as a percentage of kills by friends in the entire game.
 D = Other kills in this place as a percentage of other kills in the entire game.
 E = Experience gained in this place as a percentage of experience gained in the entire game.
 F = Experience gained in this place divided by the number of levels of this place that you have seen.
                   A       B       C       D       E      F
               +-------+-------+-------+-------+-------+----------------------
         Total | 100.0 | 100.0 |  -nan |  -nan | 100.0 | 299.5
       Dungeon | 100.0 | 100.0 |  -nan |  -nan | 100.0 | 329.4
               +-------+-------+-------+-------+-------+----------------------
